cohdb
Replays
Latest Replays
All Replays
Popular Replays
Top Player Replays
Match Explorer
How It Works
Community
CoH3 Stats
Reddit
Sign in to upload your games and track your stats! →
Sign in with Steam
Match 45431394
Unlisted
Match 45431394
Overview
Messages
Build Orders
End
Pioneer Squad
Construct Infanterie Kompanie
MG 42 Machine Gun Team
MG 42 Machine Gun Team
Grenadier Squad
Grenadier Squad
Construct Luftwaffe Kompanie
221 Scout Car
Medical Station
Jäger Squad
MG 42 Bunker
Construct Panzer Kompanie
Selects Mechanized Battlegroup
Selects Mobile Repair Stations
Selects Wespe Self-propelled Artillery
Wespe Self-propelled Artillery
Luftwaffe Officer Quarters
Wespe Self-propelled Artillery
Selects Raid Package
Selects StuG Assault Group
Jäger Squad
Boneless
ValiantHawk
AirborneAssassin
AceRobby
ProxyFox
Personal Iroha Cushion
0
0
Comments
sign in to comment!
No comments posted yet!